 Dungeon Crawl Stone Soup version 0.20.1-1-g8b1a95d (webtiles) character file.

6252 tidbits the Martial Artist (level 10, -1/80 HPs)
             Began as a Demigod Transmuter on Aug 20, 2017.
             Slain by a wolf spider zombie (14 damage)
             ... on level 10 of the Dungeon.
             The game lasted 00:51:22 (5704 turns).

tidbits the Martial Artist (Demigod Transmuter)     Turns: 5704, Time: 00:51:22

Health: -1/80      AC:  6    Str: 13    XL:     10   Next: 36%
Magic:  14/18      EV: 15    Int: 23    God:
Gold:   378        SH:  0    Dex: 16    Spells: 3/15 levels left

rFire    . . .     SeeInvis .     - Unarmed
rCold    . . .     Gourm    .   (shield currently unavailable)
rNeg     . . .     Faith    .   J - +1 robe of Gozag's Regard {Slay+2}
rPois    .         Spirit   .   (helmet restricted)
rElec    .         Reflect  .   (no cloak)
rCorr    +         Harm     .   (gloves currently unavailable)
MR       ++...                  F - +2 pair of boots
Stlth    +.........             (no amulet)
Regen    0.3/turn               H - ring of protection from magic
MPRegen  0.2/turn               K - ring of resist corrosion

@: blade hands
A: horns 1, high mp 1, sense surroundings 1
a: End Transformation


You were on level 10 of the Dungeon.
You were not hungry.
You had blades for hands.
You visited 1 branch of the dungeon, and saw 10 of its levels.

You collected 378 gold pieces.

Inventory:

Hand Weapons
 e - a +0 hand axe of chopping
   (You found it on level 1 of the Dungeon)
 j - a +0 shortbow
 k - a +2 trident of venom
   (You took it off an orc wizard on level 3 of the Dungeon)
 l - a +2 war axe of flaming
   (You found it on level 2 of the Dungeon)
 A - the cursed +0 mace of Ynwop {drain, Int+2, unknown}
   (You found it on level 4 of the Dungeon)

   A truly terrible weapon, it drains the life of those it strikes.
   It affects your intelligence (+2).
   It has a curse placed upon it.
Missiles
 a - 218 arrows
 q - 12 tomahawks (quivered)
 D - 3 tomahawks of returning
 O - 6 exploding tomahawks
Armour
 b - a +0 robe
 r - a +1 helmet
 t - a +0 scale mail of cold resistance
   (You took it off an orc on level 3 of the Dungeon)
 v - the +15 Maxwell's patent armour {-Cast -Tele rElec MR+ rCorr}
   (You found it on level 4 of the Dungeon)

   It insulates you from electricity.
   It affects your resistance to hostile enchantments.
   It prevents spellcasting.
   It prevents most forms of teleportation.
   It protects you from acid and corrosion.
 B - the +5 ring mail of the Unseen Realm {+Blink}
   (You found it on level 5 of the Dungeon)

   It lets you blink.
 E - a +2 helmet
 F - a +2 pair of boots (worn)
 G - a -1 pair of gloves (melded)
 J - the +1 robe of Gozag's Regard (worn) {Slay+2}
   (You found it on level 7 of the Dungeon)

   It affects your accuracy and damage with ranged weapons and melee attacks
   (+2).
 M - a +0 robe of cold resistance
   (You found it on level 1 of the Dungeon)
Jewellery
 H - a ring of protection from magic (left scythe-like blade)
   (You found it on level 3 of the Dungeon)
 K - a ring of resist corrosion (right scythe-like blade)
   (You found it on level 9 of the Dungeon)
Wands
 s - a wand of enslavement (10/24)
 N - a wand of confusion (26/48)
Scrolls
 g - 3 scrolls of teleportation
 h - a scroll of random uselessness {unknown}
 n - 2 scrolls of fear
 o - a scroll of noise
 w - a scroll of blinking
 y - 2 scrolls of amnesia
 L - 2 scrolls of remove curse
 P - a scroll of summoning {unknown}
 R - a scroll of recharging {unknown}
 T - a scroll of immolation {unknown}
 U - a scroll of enchant weapon {unknown}
Potions
 f - 3 potions of magic
 i - a potion of might
 m - a potion of brilliance
 u - a potion of degeneration {unknown}
 z - 4 potions of curing
 C - a potion of ambrosia {unknown}
 S - a potion of lignification
Books
 c - a book of Changes

   Spells                             Type                      Level
   a - Beastly Appendage              Transmutation                1
   b - Sticks to Snakes               Transmutation                2
   c - Spider Form                    Transmutation/Poison         3
   d - Ice Form                       Ice/Transmutation            4
   e - Blade Hands                    Transmutation                5
 x - a book of Cantrips
   (You found it on level 3 of the Dungeon)

   Spells                             Type                      Level
   a - Confusing Touch                Hexes                        1
   b - Animate Skeleton               Necromancy                   1
   c - Summon Small Mammal            Summoning                    1
   d - Apportation                    Translocation                1
Comestibles
 d - 10 bread rations
 p - 3 royal jellies
 I - 3 meat rations
 Q - a chunk of flesh


   Skills:
 - Level 4.3 Fighting
 - Level 4.5 Dodging
 + Level 10.7 Unarmed Combat
 - Level 3.1 Spellcasting
 - Level 2.6 Necromancy
 + Level 7.7 Transmutations


You had 3 spell levels left.
You knew the following spells:

 Your Spells              Type           Power        Failure   Level  Hunger
a - Apportation           Tloc           #.....       50%         1    None
h - Blade Hands           Tmut           #####.....   52%         5    ######.
k - Sticks to Snakes      Tmut           #####...     13%         2    ##.....
n - Animate Skeleton      Necr           N/A          28%         1    None
p - Spider Form           Tmut/Pois      ###.......   38%         3    ###....


Dungeon Overview and Level Annotations

Branches:
Dungeon (10/15)            Temple (0/1) D:5
   Lair: D:8-11         Orc: D:9-12

Shops:
D:4 *


Innate Abilities, Weirdness & Mutations

You have an increased reservoir of magic. (+10% MP)
You have a pair of small horns on your head.
You passively map a small area around you.


Message History

You hit the yak.
You kill the yak!
Things that are here:
a yak corpse; an iguana corpse
There are no objects that can be picked up here. a yak corpse; an iguana corpse Butcher a yak corpse? [(y)es/(c)hoosy/(n)o/(a)ll/(e)dible/(q)uit/?]
Butcher an iguana corpse? [(y)es/(c)hoosy/(n)o/(a)ll/(e)dible/(q)uit/?]
Okay, then.
You butcher the yak corpse.
Q - 3 chunks of flesh (gained 1)
You see here an iguana corpse.
Unknown command.
Eat one of 3 chunks of flesh? (ye/n/q)
You eat one of the 3 chunks of flesh.
This raw flesh tastes terrible.
Your transformation is almost over.
You now have 351 gold pieces (gained 9).
Your hands revert to their normal proportions.
Your -1 pair of gloves unmelds from your body.
Found 12 gold pieces.
A shadow imp comes into view.
The shadow imp shouts, "Get thee gone, thou craven knotty-pated nobody!"
Casting: Blade Hands
Confirm with . or Enter, or press ? or * to list all spells.
Your hands turn into razor-sharp scythe blades.
Your -1 pair of gloves melds into your body.
You are feeling hungry.
You see here a royal jelly.
p - 3 royal jellies (gained 1)
The shadow imp completely misses you.
You hit the shadow imp but do no damage.
The shadow imp hits you but does no damage.
You slash the shadow imp!
The shadow imp is severely wounded.
The shadow imp barely misses you.
You slash the shadow imp!
You kill the shadow imp!
Your hands revert to their normal proportions.
Your -1 pair of gloves unmelds from your body.
You found a teleport trap!
You now have 363 gold pieces (gained 12).
Eat one of 2 chunks of flesh? (ye/n/q)
You eat one of the 2 chunks of flesh.
This raw flesh tastes terrible.
A hound skeleton comes into view.
The hound skeleton bites you but does no damage.
You punch the hound skeleton!
The hound skeleton is severely damaged.
The hound skeleton bites you but does no damage.
You punch the hound skeleton!
You destroy the hound skeleton!
Found a stone staircase leading up.
Found a meat ration.
I - 3 meat rations (gained 1)
Found 15 gold pieces.
Found a leather armour.
You now have 378 gold pieces (gained 15).
Found a scroll labeled CILYVYL NAMYVA.
U - a scroll labeled CILYVYL NAMYVA
Found 22 bolts.
A wolf spider zombie comes into view.
The wolf spider zombie moves out of view.
Found a worn gold wand.
Casting: Blade Hands
Confirm with . or Enter, or press ? or * to list all spells.
Your hands turn into razor-sharp scythe blades.
Your -1 pair of gloves melds into your body.
The wolf spider zombie hits you.
The wolf spider zombie bites you but does no damage.
You slash the wolf spider zombie!
The wolf spider zombie is lightly damaged.
The wolf spider zombie hits you!
The wolf spider zombie closely misses you.
You hit the wolf spider zombie.
The wolf spider zombie is lightly damaged.
The wolf spider zombie hits you! The wolf spider zombie bites you.
You slash the wolf spider zombie!
The wolf spider zombie is moderately damaged.
The wolf spider zombie hits you.
The wolf spider zombie barely misses you.
The wolf spider zombie hits you!
* * * LOW HITPOINT WARNING * * *
The wolf spider zombie bites you!
* * * LOW HITPOINT WARNING * * *
You hit the wolf spider zombie.
The wolf spider zombie is moderately damaged.
The wolf spider zombie hits you!
* * * LOW HITPOINT WARNING * * *
The wolf spider zombie bites you but does no damage.
You barely miss the wolf spider zombie.
The wolf spider zombie is moderately damaged.
The wolf spider zombie misses you. x2
You slash the wolf spider zombie! You headbutt the wolf spider zombie.
The wolf spider zombie is heavily damaged.
The wolf spider zombie hits you.
* * * LOW HITPOINT WARNING * * *
The wolf spider zombie misses you.
You slash the wolf spider zombie!
The wolf spider zombie is severely damaged.
The wolf spider zombie hits you!
You die...

, .........#
...................# ,
,,,
..................# ,
....../...........# ,
,, ....(.............
, ,, .......
.......... *** *
#...., , #Z.# #@.#
########..######* , ,
, ...............# , ,
, ...............# *
*#####..........#
#..........# , ,
#..........#,
###########..........#
,....................#
,


You could see a wolf spider zombie.

Vanquished Creatures
  The ghost of dscm the Insei, a novice OpFi (D:5)
  A hornet (D:9)
  A hippogriff (D:8)
  The ghost of Enish the Skirmisher, an amateur OgMo of the Shining One (D:4)
  A spriggan (D:7)
  7 yaks (D:10)
  A steam dragon (D:10)
  5 orc warriors
  3 ice beasts
  A sky beast (D:6)
  5 ogres
  2 phantoms
  6 centaurs
  2 big kobolds
  3 bullfrogs
  A wyvern skeleton (D:8)
  A scorpion (D:5)
  6 killer bees
  A howler monkey (D:4)
  3 crimson imps
  A centaur zombie (D:6)
  A quasit (D:9)
  8 hounds
  5 orc priests
  A centaur skeleton (D:4)
  2 bullfrog skeletons
  4 iguanas
  6 orc wizards
  9 worker ants
  A killer bee zombie (D:7)
  A hound skeleton (D:10)
  Robin (D:3)
  2 gnolls (D:5)
  A howler monkey skeleton (D:6)
  9 adders
  2 shadow imps
  An adder skeleton (D:4)
  A worm (D:3)
  5 leopard geckos
  30 orcs
  5 bats
  5 giant cockroaches
  11 goblins
  7 hobgoblins
  11 jackals
  3 quokkas
  2 ball pythons (D:2)
  3 frilled lizards
  11 kobolds
  4 rats
205 creatures vanquished.

Vanquished Creatures (collateral kills)
  A yak (D:9)
  A bullfrog (D:7)
  A water moccasin skeleton (D:5)
  2 killer bees (D:7)
  A howler monkey (D:7)
  3 orc wizards (D:5)
  2 gnolls (D:5)
  3 adders
  An ooze (D:3)
  A worm (D:4)
  A dart slug (D:2)
  A leopard gecko (D:8)
  6 orcs
  2 goblins (D:3)
  2 jackals (D:6)
  A quokka (D:2)
  A quokka zombie (D:5)
30 creatures vanquished.

Grand Total: 235 creatures vanquished

Notes
Turn   | Place    | Note
-------+----------+-------------------------------------------
     0 | D:1      | tidbits the Demigod Transmuter began the quest for the Orb.
     0 | D:1      | Reached XP level 1. HP: 15/15 MP: 5/5
    90 | D:1      | Found a shattered altar of Ashenzari.
   123 | D:1      | Reached skill level 3 in Unarmed Combat
   261 | D:1      | Reached XP level 2. HP: 19/22 MP: 5/7
   265 | D:1      | Learned a level 2 spell: Sticks to Snakes
   683 | D:2      | Reached XP level 3. HP: 16/27 MP: 1/8
   891 | D:2      | Reached skill level 2 in Spellcasting
   896 | D:2      | Learned a level 3 spell: Spider Form
  1000 | D:3      | Reached skill level 4 in Unarmed Combat
  1042 | D:3      | Reached skill level 2 in Transmutations
  1198 | D:3      | Noticed a centaur
  1410 | D:3      | Reached XP level 4. HP: 27/34 MP: 6/9
  1446 | D:3      | Killed a centaur
  1446 | D:3      | Reached XP level 5. HP: 15/39 MP: 2/10
  1511 | D:3      | Reached skill level 3 in Transmutations
  1591 | D:3      | Noticed a phantom
  1603 | D:3      | Gained mutation: Your mind is acute. (Int +2) [potion of mutation]
  1603 | D:3      | Gained mutation: You passively map a small area around you. [potion of mutation]
  1603 | D:3      | Lost mutation: Your mind is acute. (Int +2) [potion of mutation]
  1603 | D:3      | Gained mutation: You have a pair of small horns on your head. [potion of mutation]
  1706 | D:3      | Killed a phantom
  1706 | D:3      | Reached skill level 5 in Unarmed Combat
  1911 | D:3      | Reached XP level 6. HP: 41/46 MP: 2/11
  1917 | D:3      | Noticed Robin
  1931 | D:3      | Killed Robin
  1966 | D:3      | Learned a level 1 spell: Apportation
  1981 | D:4      | Found a shattered altar of Ashenzari.
  2017 | D:4      | Reached skill level 1 in Fighting
  2119 | D:4      | Reached skill level 2 in Dodging
  2143 | D:4      | Found Joataf's Serpentskin Sales.
  2208 | D:4      | Noticed Enish's ghost (amateur OgMo)
  2224 | D:4      | Killed Enish's ghost
  2224 | D:4      | Reached skill level 6 in Unarmed Combat
  2270 | D:4      | Reached skill level 2 in Fighting
  2270 | D:4      | Reached XP level 7. HP: 28/55 MP: 1/13
  2295 | D:4      | Found a shadowy altar of Dithmenos.
  2346 | D:4      | Got a crude mace
  2462 | D:5      | Entered Level 5 of the Dungeon
  2490 | D:5      | Noticed dscm's ghost (novice OpFi)
  2496 | D:5      | Killed dscm's ghost
  2496 | D:5      | Reached skill level 3 in Dodging
  2586 | D:5      | Reached skill level 3 in Fighting
  2609 | D:5      | Reached skill level 7 in Unarmed Combat
  2675 | D:4      | Found an opulent altar of Gozag.
  2845 | D:5      | Reached XP level 8. HP: 31/63 MP: 10/14
  2858 | D:5      | Learned a level 1 spell: Animate Skeleton
  2897 | D:5      | Found a staircase to the Ecumenical Temple.
  3137 | D:6      | Reached skill level 4 in Dodging
  3285 | D:6      | Reached skill level 4 in Fighting
  3285 | D:6      | Reached skill level 8 in Unarmed Combat
  3469 | D:7      | Reached skill level 1 in Necromancy
  3536 | D:7      | Got a fine robe
  3548 | D:7      | Identified the +1 robe of Gozag's Regard {Slay+2} (You found it on level 7 of the Dungeon)
  3737 | D:5      | Reached skill level 2 in Necromancy
  3739 | D:5      | Reached XP level 9. HP: 46/72 MP: 7/16
  3746 | D:5      | Reached skill level 3 in Spellcasting
  3850 | D:5      | Got a steaming ring mail
  3902 | D:5      | Identified the +5 ring mail of the Unseen Realm {+Blink} (You found it on level 5 of the Dungeon)
  3908 | D:5      | Learned a level 5 spell: Blade Hands
  3964 | D:7      | Reached skill level 4 in Transmutations
  4174 | D:8      | Reached skill level 9 in Unarmed Combat
  4403 | D:6      | Reached skill level 5 in Transmutations
  4838 | D:9      | Reached skill level 6 in Transmutations
  5086 | D:9      | Reached skill level 10 in Unarmed Combat
  5128 | D:10     | Entered Level 10 of the Dungeon
  5153 | D:9      | Reached XP level 10. HP: 25/80 MP: 6/18
  5288 | D:8      | Found a snail-covered altar of Cheibriados.
  5464 | D:10     | Reached skill level 7 in Transmutations
  5704 | D:10     | Slain by a wolf spider zombie

Skill      XL: |  1  2  3  4  5  6  7  8  9 10 |
---------------+-------------------------------+-----
Unarmed Combat | 3 4 5 6 7 8 10 | 10.7
Spellcasting   | 2 3 |  3.1
Transmutations | 2 3 6 7 |  7.7
Fighting       | 2 3 4 |  4.3
Dodging        | 2 3 4 |  4.5
Necromancy     | 2 |  2.6

Action                   |  1- 3 |  4- 6 |  7- 9 | 10-12 || total
-------------------------+-------+-------+-------+-------++-------
Melee: Unarmed           |    84 |    96 |   320 |    54 ||   554
       Kick              |     5 |       |       |       ||     5
       Headbutt          |     7 |     1 |     9 |     6 ||    23
       Punch             |     1 |     3 |     3 |       ||     7
Throw: Tomahawk          |     5 |       |     3 |       ||     8
 Cast: Beastly Appendage |    20 |       |       |       ||    20
       Sticks to Snakes  |    10 |    12 |    42 |     4 ||    68
       Spider Form       |     6 |    16 |    40 |       ||    62
       Animate Skeleton  |       |       |     1 |       ||     1
       Blade Hands       |       |       |     9 |     7 ||    16
 Abil: End Transformatio |       |       |     3 |       ||     3
Evoke: Wand              |       |       |     1 |     5 ||     6
  Use: Potion            |     1 |     2 |     8 |       ||    11
       Scroll            |       |     6 |    12 |     3 ||    21
 Stab: Distracted        |       |     1 |     3 |       ||     4
       Sleeping          |       |       |     1 |       ||     1
       Confused          |       |       |     2 |     1 ||     3
  Eat: Chunk             |     4 |     6 |    16 |     6 ||    32
       Royal jelly       |       |       |     2 |       ||     2
Armor: Robe              |    13 |     6 |    18 |    10 ||    47
       Skin              |       |    13 |    40 |       ||    53
       Ring mail         |       |       |     5 |       ||     5
Dodge: Dodged            |    64 |    73 |   280 |    21 ||   438

Table legend:
 A = Turns spent in this place as a percentage of turns spent in the entire game.
 B = Non-inter-level travel turns spent in this place as a percentage of non-inter-level travel turns spent in the entire game.
 C = Inter-level travel turns spent in this place as a percentage of turns spent in this place.
 D = Turns resting spent in this place as a percentage of non-inter-level travel turns spent in this place.
 E = Turns spent auto-exploring this place as a percentage of non-inter-level travel turns spent in this place.
 F = Non-inter-level travel turns spent in this place divided by the number of levels of this place that you've seen.
                   A       B       C       D       E      F
               +-------+-------+-------+-------+-------+----------------------
         Total | 100.0 | 100.0 |   0.3 |   0.0 |   0.0 | 515.1
       Dungeon | 100.0 | 100.0 |   0.3 |   0.0 |   0.0 | 515.1
               +-------+-------+-------+-------+-------+----------------------

Table legend:
 A = Kills in this place as a percentage of kills in entire the game.
 B = Kills by you in this place as a percentage of kills by you in the entire game.
 C = Kills by friends in this place as a percentage of kills by friends in the entire game.
 D = Other kills in this place as a percentage of other kills in the entire game.
 E = Experience gained in this place as a percentage of experience gained in the entire game.
 F = Experience gained in this place divided by the number of levels of this place that you have seen.
                   A       B       C       D       E      F
               +-------+-------+-------+-------+-------+----------------------
         Total | 100.0 | 100.0 | 100.0 |  -nan | 100.0 | 893.2
       Dungeon | 100.0 | 100.0 | 100.0 |  -nan | 100.0 | 893.2
               +-------+-------+-------+-------+-------+----------------------

Vault maps used:
D:1:      minmay_arrival_arboretum_small, ashenzari_altar_1
D:3:      cheibrodos_pilgrimage, first_bread, uniq_robin
D:4:      nicolae_overflow_quartered_altars, guppyfry_shop_venom
D:5:      temple_doors_e
D:6:      hangedman_abyss_or_decor_slice
D:7:      lemuel_blue_sif_altar, the_bakery
D:8:      cheibriados_altar_1
D:10:     david_lair_shrubbed
